 Dungeon Crawl Stone Soup version 0.28.0-47-ge53b351184 (webtiles) character file.

Game seed: 16948511929728027718

13340 NinjaNoafa the Fighter (level 11, -10/91 HPs)
             Began as a Minotaur Fighter on Apr 29, 2022.
             Was a High Priest of Hepliaklqana.
             Mangled by a vampire (11 damage)
             ... on level 11 of the Dungeon.
             The game lasted 00:29:00 (11262 turns).

NinjaNoafa the Fighter (Minotaur Fighter)          Turns: 11262, Time: 00:29:01

Health: -10/91     AC: 13    Str: 30    XL:     11   Next: 74%
Magic:  16/16      EV: 16    Int:  3    God:    Hepliaklqana [*****.]
Gold:   521        SH:  0    Dex: 16    Spells: 10/10 levels left

rFire   + . .      SeeInvis .   a - +4 quarterstaff (chaos)
rCold   . . .      Faith    .   (shield currently unavailable)
rNeg    . . .      Spirit   .   l - +1 robe of Qaijurom {rPois rF+ Int-2 Dex+5}
rPois   +          Reflect  .   (helmet restricted)
rElec   .          Harm     .   v - +2 cloak
rCorr   .          Rampage  .   (no gloves)
Will    .....                   n - +2 pair of boots
Stlth   +.........              (no amulet)
HPRegen 0.25/turn               m - +6 ring of strength
MPRegen 0.15/turn               s - +4 ring of protection

@: no status effects
A: reduced essence, horns 2, retaliatory headbutt, screaming 1, MP-powered wands
a: Renounce Religion, Recall Ancestor, Ancestor Identity, Transference, Idealise


You were on level 11 of the Dungeon.
You worshipped Hepliaklqana.
Hepliaklqana was extremely pleased with you.
You visited 2 branches of the dungeon, and saw 12 of its levels.

You collected 611 gold pieces.
You spent 90 gold pieces at shops.

Inventory:

Hand Weapons
 a - a +4 quarterstaff of chaos (weapon)
 w - a +0 shortbow
Missiles
 o - 2 javelins
 x - 203 arrows
 A - 5 curare-tipped darts (quivered)
 C - 39 poisoned darts
 D - 4 throwing nets
Armour
 l - the +1 robe of Qaijurom (worn) {rPois rF+ Int-2 Dex+5}
   (You took it off a hobgoblin on level 2 of the Dungeon)

   Int:       It affects your intelligence (-2).
   Dex:       It affects your dexterity (+5).
   rF:        It protects you from fire.
   rPois:     It protects you from poison.
 n - a +2 pair of boots (worn)
 v - a +2 cloak (worn)
Jewellery
 m - a +6 ring of strength (left hand)
 p - a +6 ring of strength
 s - a +4 ring of protection (right hand)
 u - a ring of resist corrosion
 B - a ring of flight
 G - a ring of willpower
 H - a ring of willpower
Wands
 b - a wand of iceblast (1)
 i - a wand of digging (6)
 j - a wand of flame (13)
 r - a wand of polymorph (13)
 y - a wand of acid (5)
 K - a wand of paralysis (4)
Scrolls
 e - a scroll of silence
 f - a scroll of torment
 g - a scroll of blinking
 q - a scroll of noise
 E - a scroll of vulnerability
 F - a scroll of teleportation
Potions
 d - a potion of haste
 h - a potion of ambrosia
 k - 3 potions of flight
 t - 2 potions of attraction


   Skills:
 * Level 11.1 Fighting
 - Level 3.3 Axes
 + Level 9.1 Staves
 + Level 8.6 Bows
 - Level 4.2 Armour
 + Level 8.5 Dodging
 - Level 4.2 Shields
 + Level 8.5 Invocations
 - Level 4.0 Evocations


You had 10 spell levels left.
You didn't know any spells.
Your spell library contained the following spells:

 Spells                   Type           Power      Damage    Failure   Level
 Slow                     Hex            0%         N/A       52%         1
 Blink                    Tloc           0%         N/A       67%         2
 Confusing Touch          Hex            0%         N/A       88%         3
 Dazzling Flash           Conj/Hex       0%         N/A       88%         3
 Lesser Beckoning         Tloc           0%         N/A       88%         3
 Vampiric Draining        Necr           0%         2d6       88%         3
 Agony                    Necr           0%         N/A       100%        5
 Manifold Assault         Tloc           0%         N/A       100%        5
 Silence                  Hex/Air        0%         N/A       100%        5


Dungeon Overview and Level Annotations

Branches:
Dungeon (11/15)            Temple (1/1) D:5            Lair (0/6) D:9
    Orc (0/2) D:9

Altars:
Ashenzari
Cheibriados
Dithmenos
Elyvilon
Fedhas
Gozag
Hepliaklqana
Kikubaaqudgha
Makhleb
Nemelex Xobeh
Okawaru
Qazlal
Ru
Sif Muna
Trog
Uskayaw
Vehumet
Wu Jian
Xom
Yredelemnul
Zin
The Shining One

Shops:
D:5 =   D:7 ?


Innate Abilities, Weirdness & Mutations

Your life essence is reduced to manifest your ancestor. (-10% HP)
You have a pair of horns on your head.
You reflexively headbutt those who attack you in melee.
You occasionally shout uncontrollably at your foes.
You expend magic power (3 MP) to strengthen your wands.


Message History

You bump into the rock wall.
Something hits you but does no damage. Something bites you.
Something draws strength from your injuries!
Something draws life force from you!
You hit something.
You hear some strange, mumbled words.
Something tries to affect you, but you resist.
Okay, then.
You are too confused!
You are more confused.
You feel invigorated.
You hear some strange, mumbled words.
Something tries to affect you, but you resist.
Something hits you. Something bites you.
Something draws strength from your injuries!
You barely miss something. Something hits you but does no damage.
Something bites you.
Something draws strength from your injuries!
You miss something. Your headbutt misses something. Something hits you.
Something bites you!
Something draws strength from your injuries!
You closely miss something. You headbutt something!
You hear some strange, mumbled words.
You are more confused.
You barely miss something. Something hits you! Something bites you!
* * * LOW HITPOINT WARNING * * *
Something draws strength from your injuries!
Something hits you but does no damage. Something barely misses you.
You're too confused to move!
Something hits you!
* * * LOW HITPOINT WARNING * * *
Something bites you.
* * * LOW HITPOINT WARNING * * *
Something draws strength from your injuries!
You feel better.
You feel less invigorated. Something hits you!
* * * LOW HITPOINT WARNING * * *
Something bites you.
* * * LOW HITPOINT WARNING * * *
Something draws strength from your injuries!
Something barely misses you. Something bites you!
You die...

#.# #.# #.#### #.#
#....# #.#
#######.## #.# ###
.........# #.# ....
#######..#
#.###.....
.........#
#.........
.........#
##R##....<
.........# #@# ...
#.#...#..# #...{.#
.
..#...#...........
..#.#.#.###.#######
..#.#.#.# # #
....#.#[# ......#..
.....#### .......#
#####


You could see the friendly Torinski the hexer.

Vanquished Creatures
  A fire dragon (D:10)
  Harold (D:7)
  A two-headed ogre (D:9)
  A centaur zombie (D:11)
  3 kobold demonologists (D:11)
  Prince Ribbit (D:9)
  A troll (D:11)
  Grinder (D:6)
  A meliai zombie (D:10)
  2 shadows
  18 yaks
  2 vampire mosquitoes (D:8)
  3 steam dragons
  2 water moccasins
  2 black bears (D:4)
  2 ice beasts (D:6)
  4 orc warriors
  A sky beast (D:7)
  An ogre (D:7)
  6 centaurs
  2 kobold brigands (D:11)
  3 bullfrogs
  A water moccasin zombie (D:7)
  6 killer bees (D:8)
  3 wights (D:8)
  7 howler monkeys
  A bullfrog zombie (D:5)
  4 hounds
  Crazy Yiuf (D:4)
  3 orc priests
  A centaur skeleton (D:6)
  Ijyb (D:3)
  An iguana (D:7)
  5 orc wizards
  A howler monkey zombie (D:8)
  Robin (D:4)
  5 gnolls
  4 adders
  A howler monkey skeleton (D:7)
  2 white imps
  2 ufetubi
  An adder skeleton (D:4)
  4 worms
  2 dart slugs (D:2)
  21 orcs
  9 endoplasms
  3 giant cockroaches
  7 goblins
  10 hobgoblins
  4 jackals (D:2)
  10 quokkas
  8 ball pythons
  10 bats
  3 frilled lizards
  15 kobolds
  6 rats
222 creatures vanquished.

Vanquished Creatures (collateral kills)
  A fire dragon (D:10)
  A two-headed ogre (D:7)
  A centaur zombie (D:10)
  A yak (D:11)
  An acid dragon (D:8)
  A sky beast (D:7)
  A black bear (D:5)
  2 centaurs (D:6)
  2 kobold brigands
  3 bullfrogs
  A scorpion (D:5)
  A water moccasin zombie (D:6)
  2 howler monkeys
  A hound (D:6)
  An orc priest (D:8)
  2 hound skeletons (D:5)
  2 gnolls (D:6)
  5 orcs
  7 goblins (D:4)
  2 hobgoblins (D:4)
  4 kobolds
42 creatures vanquished.

Vanquished Creatures (others)
  4 hexers
  An ancestor (D:4)
  3 fungi (D:9)
  6 plants
14 creatures vanquished.

Grand Total: 278 creatures vanquished

Notes
Turn   | Place    | Note
-------+----------+-------------------------------------------
     0 | D:1      | NinjaNoafa the Minotaur Fighter began the quest for the
                  | Orb.
     0 | D:1      | Reached XP level 1. HP: 19/19 MP: 0/0
    86 | D:1      | Reached XP level 2. HP: 15/27 MP: 1/1
   568 | D:1      | Reached skill level 4 in Fighting
   773 | D:2      | Reached XP level 3. HP: 24/33 MP: 2/2
  1129 | D:2      | Found a hazy altar of Hepliaklqana.
  1151 | D:2      | Became a worshipper of Hepliaklqana the Forgotten
  1174 | D:2      | Identified the +1 robe of Qaijurom {rPois rF+ Int-2 Dex+5}
  1469 | D:2      | Reached XP level 4. HP: 38/40 MP: 3/3
  1470 | D:2      | Found a faded altar of an unknown god.
  1756 | D:3      | Noticed Ijyb
  1766 | D:3      | Killed Ijyb
  1767 | D:3      | Reached skill level 1 in Dodging
  1767 | D:3      | Reached skill level 1 in Invocations
  2024 | D:3      | Reached * piety under Hepliaklqana
  2546 | D:4      | Noticed a centaur
  2561 | D:4      | Killed a centaur
  2562 | D:4      | Reached skill level 1 in Evocations
  2562 | D:4      | Reached XP level 5. HP: 32/41 MP: 5/5
  2796 | D:4      | Noticed Robin
  2826 | D:4      | Killed Robin
  3101 | D:4      | Reached XP level 6. HP: 43/46 MP: 6/6
  3330 | D:4      | Reached XP level 7. HP: 53/53 MP: 8/8
  3549 | D:4      | Found a runed translucent door.
  3550 | D:4      | Noticed Crazy Yiuf
  3900 | D:4      | Killed Crazy Yiuf
  4161 | D:5      | Entered Level 5 of the Dungeon
  4235 | D:5      | Reached skill level 1 in Staves
  4287 | D:5      | Noticed a shadow
  4321 | D:5      | Reached skill level 1 in Bows
  4367 | D:5      | Reached ** piety under Hepliaklqana
  4368 | D:5      | Remembered your ancestor Torinski as a hexer
  4516 | D:5      | Found a staircase to the Ecumenical Temple.
  4525 | Temple   | Entered the Ecumenical Temple
  4736 | D:5      | Found Plog's Jewellery Emporium.
  4842 | D:5      | Killed a shadow
  4843 | D:5      | Reached XP level 8. HP: 28/59 MP: 10/10
  5199 | D:6      | Reached skill level 5 in Invocations
  5269 | D:6      | Found a white marble altar of Elyvilon.
  5706 | D:6      | Reached skill level 5 in Fighting
  5713 | D:6      | Reached XP level 9. HP: 21/66 MP: 10/12
  5717 | D:6      | Reached skill level 5 in Staves
  5717 | D:6      | Reached skill level 5 in Dodging
  5835 | D:7      | Reached skill level 5 in Bows
  5844 | D:7      | Noticed a two-headed ogre
  5854 | D:7      | Killed a two-headed ogre
  5855 | D:7      | Reached skill level 6 in Fighting
  6062 | D:7      | Found a broken altar of Ashenzari.
  6388 | D:6      | Noticed Grinder
  6399 | D:6      | Killed Grinder
  6595 | D:7      | Reached *** piety under Hepliaklqana
  6632 | D:7      | Noticed Harold
  6643 | D:7      | Killed Harold
  6644 | D:7      | Reached skill level 7 in Fighting
  6644 | D:7      | Reached XP level 10. HP: 48/77 MP: 12/14
  7090 | D:7      | Found Muacsew's Magic Scroll Shoppe.
  7093 | D:7      | Bought a scroll of enchant weapon for 90 gold pieces
  7238 | D:8      | You fall into a shaft and drop 2 floors!
  7238 | D:10     | Entered Level 10 of the Dungeon
  7305 | D:9      | Noticed a two-headed ogre
  7314 | D:9      | Killed a two-headed ogre
  7376 | D:9      | Noticed a centaur warrior
  7376 | D:9      | Noticed a tengu warrior
  7376 | D:9      | Noticed a centaur warrior
  7376 | D:9      | Noticed an eight-headed hydra
  7387 | D:9      | Noticed a centaur warrior
  7429 | D:9      | Noticed a green ugly thing
  7429 | D:9      | Noticed a tengu warrior
  7430 | D:9      | Noticed a green ugly thing
  7448 | D:9      | Reached **** piety under Hepliaklqana
  7448 | D:9      | Noticed Prince Ribbit
  7458 | D:9      | Killed Prince Ribbit
  7535 | D:9      | Found a staircase to the Lair.
  7613 | D:9      | Reached skill level 8 in Fighting
  7965 | D:8      | Gained mutation: You occasionally shout uncontrollably at
                  | your foes. [potion of mutation]
  7965 | D:8      | Gained mutation: You expend magic power (3 MP) to
                  | strengthen your wands. [potion of mutation]
  8550 | D:9      | Found a staircase to the Orcish Mines.
  8657 | D:9      | Reached skill level 9 in Fighting
  9022 | D:9      | Found an ornate altar of the Wu Jian Council.
  9157 | D:10     | Reached XP level 11. HP: 34/87 MP: 8/15
  9658 | D:10     | Found a glowing golden altar of the Shining One.
  9705 | D:10     | Noticed a fire dragon
  9717 | D:10     | Killed a fire dragon
  9718 | D:10     | Reached skill level 10 in Fighting
  9720 | D:10     | Killed a fire dragon
 10786 | D:11     | Reached skill level 11 in Fighting
 11195 | D:11     | Reached ***** piety under Hepliaklqana
 11262 | D:11     | HP: 4/91 [something (12)]
 11262 | D:11     | HP: 1/91 [something (3)]
 11262 | D:11     | Mangled by a vampire

Illustrated notes

Levels and vault maps discovered:
D:1:      mainiacjoe_arrival_reflecting_pool, layout_rooms
D:2:      layout_rooms, hellmonk_ecumenical_altar_prayer_group, basic_altar,
          minmay_door_square, minmay_three_crescents
D:3:      layout_basic, uniq_ijyb
D:4:      minmay_evil_eye, layout_loops_ring, kennysheep_crisscross,
          hangedman_decor_riveting, uniq_robin, uniq_crazy_yiuf_cottage
D:5:      layout_basic, minmay_temple_entry_drinking_statues, serial_shops,
          nicolae_inconvenience_store
D:6:      layout_loops_ring, elyvilon_altar_1, centaur_isle, uniq_grinder
D:7:      layout_basic, nicolae_ashenzari_skybound, serial_shops,
          kennysheep_mini_moat, uniq_harold
D:8:      layout_cave_pools
D:9:      layout_irregular_city, nicolae_wu_jian_glorious_leap,
          dpeg_oklobed_lair, david_orc_2, minivault_12, uniq_prince_ribbit1
D:10:     layout_small_grid, tso_oasis_becter
D:11:     layout_basic
Temple:   nicolae_temple_no_exploring_needed

Skill      XL: |  1  2  3  4  5  6  7  8  9 10 11 |
---------------+----------------------------------+-----
Fighting       | 4 5 7 9 11 | 11.1
Armour         | 4 |  4.2
Shields        | 4 |  4.2
Axes           | 3 |  3.3
Dodging        | 2 4 6 7 8 |  8.5
Invocations    | 2 3 4 5 6 7 8 |  8.5
Evocations     | 1 2 4 |  4.0
Staves         | 2 4 6 8 9 |  9.1
Bows           | 2 4 6 7 8 |  8.6

Action                   |  1- 3 |  4- 6 |  7- 9 | 10-12 || total
-------------------------+-------+-------+-------+-------++-------
Melee: War axe           |   102 |    78 |     4 |       ||   184
       Headbutt          |    12 |    12 |    12 |    32 ||    68
       Quarterstaff      |       |       |    54 |   157 ||   211
 Fire: Shortbow          |       |       |   131 |   125 ||   256
Throw: Javelin           |       |       |     1 |       ||     1
       Dart              |       |       |     1 |       ||     1
Invok: Recall Ancestor   |       |     1 |       |     1 ||     2
       Ancestor Identity |       |     1 |       |       ||     1
       Ancestor Life: He |       |       |     1 |       ||     1
       Idealise          |       |       |       |     2 ||     2
Evoke: Wand              |       |       |    11 |     9 ||    20
  Use: Potion            |       |     4 |     2 |     6 ||    12
       Scroll            |       |     6 |     4 |    12 ||    22
 Stab: Sleeping          |       |     2 |       |     1 ||     3
       Distracted        |       |       |     1 |       ||     1
       Petrified         |       |       |       |     2 ||     2
       Confused          |       |       |       |     1 ||     1
Armor: Scale mail        |    41 |       |       |       ||    41
       Robe              |     6 |    48 |    45 |    75 ||   174
Dodge: Dodged            |    57 |    71 |   104 |   181 ||   413
Block: Buckler           |    36 |    36 |     2 |       ||    74
